 Dungeon Crawl Stone Soup version 0.27-a0-906-g0a00ce8 (webtiles) character file.

Game seed: 16163425901720434321

299 Nithhogg the Skirmisher (level 6, -12/48 HPs)
             Began as a Demonspawn Fighter on Apr 7, 2021.
             Killed by divine providence
             ... invoked by an orc priest
              (13 damage)
             ... on level 4 of the Dungeon.
             The game lasted 00:03:40 (3679 turns).

Nithhogg the Skirmisher (Demonspawn Fighter)        Turns: 3679, Time: 00:03:41

Health: -12/48     AC:  6    Str: 18    XL:     6   Next: 13%
Magic:  8/8        EV:  6    Int:  9    God:
Gold:   119        SH: 18    Dex: 13    Spells: 5/5 levels left

rFire    . . .     SeeInvis +   l - +2 dagger (pain)
rCold    . . .     Faith    .   p - +0 tower shield
rNeg     . . .     Spirit   .   b - +0 scale mail
rPois    .         Reflect  +   (no helmet)
rElec    .         Harm     .   (no cloak)
rCorr    .         Rampage  .   (no gloves)
Will     .....                  (no boots)
Stlth    ..........             j - amulet of reflection
HPRegen  0.16/turn              h - ring of see invisible
MPRegen  0.11/turn              (no ring)

@: no status effects
A: claws 1, talons 2
a: no special abilities


You were on level 4 of the Dungeon.
You visited 1 branch of the dungeon, and saw 4 of its levels.

You collected 119 gold pieces.

Inventory:

Hand Weapons
 a - a +0 long sword
 l - a +2 dagger of pain (weapon)
Armour
 b - a +0 scale mail (worn)
 p - a +0 tower shield (worn)
Jewellery
 h - a ring of see invisible (left claw)
 j - an amulet of reflection (around neck)
 q - an amulet of guardian spirit
Scrolls
 e - 2 scrolls of fog {unknown}
 f - a scroll of blinking {unknown}
 g - 3 scrolls of identify {unknown}
 k - 2 scrolls of noise {unknown}
 m - a scroll of enchant weapon {unknown}
 n - 2 scrolls of teleportation {unknown}
 o - a scroll of enchant armour {unknown}
 t - a scroll of amnesia {unknown}
Potions
 c - a potion of brilliance {unknown}
 d - a potion of might
 i - 2 potions of heal wounds {unknown}
 r - a potion of invisibility {unknown}
 s - 2 potions of degeneration {unknown}


   Skills:
 + Level 4.0 Fighting
 + Level 3.0 Long Blades
 + Level 3.4 Armour
 + Level 2.0 Dodging
 + Level 3.5 Shields
 + Level 2.8 Invocations


You had 5 spell levels left.
You didn't know any spells.
Your spell library contained the following spells:

 Spells                   Type           Power      Damage    Failure   Level
 Confusing Touch          Hex            0%         N/A       100%        3
 Gell's Gravitas          Tloc           0%         N/A       100%        3
 Petrify                  Tmut/Erth      0%         N/A       100%        4
 Metabolic Englaciation   Hex/Ice        0%         N/A       100%        5
 Yara's Violent Unravell  Hex/Tmut       0%         3d3       100%        5


Dungeon Overview and Level Annotations

Branches:
Dungeon (4/15)
 Temple: D:4-7

Altars:
Vehumet
Zin


Innate Abilities, Weirdness & Mutations

You have sharp fingernails.
You have razor-sharp toenails.


Message History

You hit the orc priest.
The orc priest is lightly wounded.
The orc priest hits you but does no damage.
You block the hobgoblin's attack. You block the orc priest's attack.
You hit the orc priest but do no damage.
You claw the orc priest.
The orc priest is moderately wounded.
You block the hobgoblin's attack.
The orc priest hits you but does no damage.
You hit the orc priest. You claw the orc priest.
The orc priest is almost dead.
You block the hobgoblin's attack.
The orc priest invokes the aid of Beogh against you.
Beogh smites you!
* * * LOW HITPOINT WARNING * * *
The hobgoblin barely misses you. The orc priest closely misses you.
You are too injured to fight recklessly!
You are too injured to fight recklessly!
You are too injured to fight recklessly!
You are too injured to fight recklessly!
You are too injured to fight recklessly!
You are too injured to fight recklessly!
You are too injured to fight recklessly!
You are too injured to fight recklessly!
You are too injured to fight recklessly!
You are too injured to fight recklessly!
You are too injured to fight recklessly!
You are too injured to fight recklessly!
You are too injured to fight recklessly!
You are too injured to fight recklessly!
You are too injured to fight recklessly!
The orc priest invokes the aid of Beogh against you.
Pain shoots through your body!
* * * LOW HITPOINT WARNING * * *
The orc priest mumbles some strange prayers to Beogh against you.
Beogh smites you!
* * * LOW HITPOINT WARNING * * *
The orc priest invokes the aid of Beogh against you.
Beogh smites you!
You die...

#.# #.....'÷...#.# #.#
#.....###.##.# #.###.....#
#....# ## #.......#.##########
... ###.....#.##....(..#
....#########.....#.##.#####.#
..............>##.#.##.# #.#
.....#)....#...##.#.##.# #.#
.......)......@##.#.##.#####.#
#...#..........##.#..........#
#.. #.(.†....rg##.####.#######
##.....#...##......#
##.....#...#########
#......o..## #......o..#
#....†....# ###.......#


You could see an orc priest, an orc, a quokka and a hobgoblin.

Vanquished Creatures
  A howler monkey (D:4)
  An orc priest (D:3)
  A centaur skeleton (D:4)
  An orc wizard (D:3)
  A hound skeleton (D:2)
  5 adders
  A worm (D:4)
  3 dart slugs
  13 orcs
  2 ball pythons
  4 bats
  2 endoplasms (D:1)
  2 giant cockroaches
  6 goblins
  4 hobgoblins
  11 jackals
  6 kobolds
  4 quokkas
  5 frilled lizards
  6 rats
79 creatures vanquished.

Vanquished Creatures (others)
  An orc wizard (D:3)
1 creature vanquished.

Grand Total: 80 creatures vanquished

Notes
Turn   | Place    | Note
-------+----------+-------------------------------------------
     0 | D:1      | Nithhogg the Demonspawn Fighter began the quest for the
                  | Orb.
     0 | D:1      | Reached XP level 1. HP: 18/18 MP: 1/1
   217 | D:1      | Found a faded altar of an unknown god.
   305 | D:1      | Gained mutation: You have sharp toenails. [demonic
                  | ancestry]
   305 | D:1      | Reached XP level 2. HP: 23/24 MP: 2/2
   529 | D:1      | Reached skill level 1 in Invocations
  1068 | D:2      | Gained mutation: You have sharp fingernails. [demonic
                  | ancestry]
  1068 | D:2      | Reached XP level 3. HP: 19/29 MP: 3/3
  1117 | D:2      | Reached skill level 1 in Dodging
  1778 | D:3      | Gained mutation: You have razor-sharp toenails. [demonic
                  | ancestry]
  1778 | D:3      | Reached XP level 4. HP: 31/35 MP: 5/5
  2030 | D:3      | Reached XP level 5. HP: 20/41 MP: 6/6
  2653 | D:3      | Found a radiant altar of Vehumet.
  3634 | D:4      | Reached XP level 6. HP: 46/48 MP: 8/8
  3663 | D:4      | Reached skill level 4 in Fighting
  3678 | D:4      | HP: 1/48 [orc priest/divine providence (9)]
  3679 | D:4      | Killed from afar by an orc priest

Illustrated notes

Levels and vault maps discovered:
D:1:      pf_arrival_petrified_forest, layout_rooms,
          chequers_ecumenical_altar_simple
D:2:      layout_basic
D:3:      layout_loops_ring, nicolae_vehumet_radiance, zin_treasury,
          grunt_ministairs_3, hex_tiny, minmay_ruptured
D:4:      layout_basic

Skill      XL: |  1  2  3  4  5  6 |
---------------+-------------------+-----
Long Blades    | 2 3 |  3.0
Invocations    | 1 2 |  2.8
Dodging        | 1 2 |  2.0
Armour         | 3 |  3.4
Shields        | 3 |  3.5
Fighting       | 4 |  4.0

Action                   |  1- 3 |  4- 6 || total
-------------------------+-------+-------++-------
Melee: Long sword        |   100 |    21 ||   121
       Kick              |    17 |    64 ||    81
       Dagger            |       |   175 ||   175
Armor: Scale mail        |    44 |    52 ||    96
Dodge: Dodged            |    29 |    47 ||    76
Block: Kite shield       |    81 |    49 ||   130
       Reflection        |     2 |     5 ||     7
       Tower shield      |       |   143 ||   143
       Rpst.: Long sword |    11 |     3 ||    14

Table legend: (Time is in decaauts)
 A = Elapsed time spent in this place.
 B = Non-inter-level travel time spent in this place.
 C = Inter-level travel time spent in this place.
 D = Time resting spent in this place.
 E = Time spent auto-exploring this place.
 F = Levels seen in this place.
 G = Mean time per level.
                   A        B        C        D        E       F      G
               +--------+--------+--------+--------+--------+-----+--------+
         Total |   3794 |   3708 |     86 |      0 |   3024 |   4 |  948.5 |
       Dungeon |   3794 |   3708 |     86 |      0 |   3024 |   4 |  948.5 |
               +--------+--------+--------+--------+--------+-----+--------+

Top non-repeatable levels by time:
     D:3: 1712 daAuts
     D:1: 865 daAuts
     D:2: 833 daAuts
     D:4: 382 daAuts
